 Dungeon Crawl Stone Soup version 0.17.1-3-g152610e (webtiles) character file.

3903 manyhoops the Spear-Bearer (level 10, -12/91 HPs)
             Began as a Green Draconian Chaos Knight on Apr 5, 2016.
             Blown up by a cacodemon (30 damage)
             ... with a bolt of energy
             ... on level 1 of the Abyss.
             The game lasted 00:29:55 (7529 turns).

manyhoops the Spear-Bearer (DrCK)                   Turns: 7529, Time: 00:29:58

Health: -12/91     AC:  8    Str: 22    XL:     10   Next: 0%
Magic:  0/19       EV: 12    Int: 13    God:    Xom [.....*]
Gold:   419        SH:  0    Dex: 11    Spells: 0 memorised, 9 levels left

rFire  . . .     SeeInvis +     a - +5 spear (pain)
rCold  . . .     Clarity  .     (armour unavailable)
rNeg   . . .     SustAt   .     (no shield)
rPois  +         Gourm    .     (helmet restricted)
rElec  .         Spirit   +     (no cloak)
rCorr  .         Warding  .     i - +0 pair of gloves
rMut   .         Stasis   .     (no boots)
MR     .....                    C - amulet of guardian spirit
Stlth  +.........               u - ring of magical power
                                s - ring of see invisible

@: mighty, lethally poisoned (-12 -> -12), about to teleport, not resistant to
hostile enchantments, very unstealthy
A: breathe noxious fumes, unfitting armour, hooves 1, poison resistance,
cold-blooded, AC +7
a: Breathe Noxious Fumes, Renounce Religion


You were on level 1 of the Abyss.
You worshipped Xom.
You were Xom's teddy bear.
You were not hungry.

You visited 1 branch of the dungeon, and saw 8 of its levels.
You visited the Abyss 1 time.

You collected 419 gold pieces.

Inventory:

Hand Weapons
 a - a +5 spear of pain (weapon)
 w - a +1 quarterstaff of draining
Armour
 i - a +0 pair of gloves (worn)
Jewellery
 s - a ring of see invisible (left hand)
 u - a ring of magical power (right hand)
 C - an amulet of guardian spirit (around neck)
Wands
 D - a wand of teleportation (3)
Scrolls
 f - a scroll of teleportation
 h - 3 scrolls of magic mapping
 k - 2 scrolls of random uselessness
 l - 2 scrolls of remove curse
 t - a scroll of fog
 y - a scroll of identify
 E - a scroll of summoning {unknown}
Potions
 e - 2 potions of curing
 j - a potion of resistance
 m - a potion of agility
 n - a potion of berserk rage {unknown}
 o - 2 potions of brilliance
 v - a potion of haste {unknown}
 z - 3 potions of heal wounds {unknown}
 A - a potion of degeneration {unknown}
Books
 r - a book of Cantrips

   Spells                             Type                      Level
   a - Corona                         Hexes                        1
   b - Animate Skeleton               Necromancy                   1
   c - Summon Small Mammal            Summoning                    1
   d - Apportation                    Translocation                1
 x - a book of Necromancy

   Spells                             Type                      Level
   a - Pain                           Necromancy                   1
   b - Animate Skeleton               Necromancy                   1
   c - Vampiric Draining              Necromancy                   3
   d - Regeneration                   Charms/Necromancy            3
   e - Animate Dead                   Necromancy                   4
   f - Control Undead                 Necromancy                   4
Comestibles
 b - 6 bread rations
 c - 2 beef jerkies
 d - 2 meat rations
 g - a royal jelly
 p - 2 fruits
 q - a slice of pizza
 B - a chunk of flesh


   Skills:
 * Level 9.3 Fighting
 - Level 12.1 Polearms
 - Level 2.1 Dodging
 - Level 1.0 Unarmed Combat


You had 9 spell levels left.
You didn't know any spells.

Dungeon Overview and Level Annotations

Branches:
Dungeon (8/15)             Temple (0/1) D:4
   Lair: D:8-11

Altars:
Elyvilon
Fedhas
Kikubaaqudgha
Nemelex Xobeh
Okawaru
Qazlal
Ru
Sif Muna
Trog
Xom
Zin

Shops:
D:5 [

Annotations:
D:5 grippy's ghost, novice MfCK
D:8 Erolcha


Innate Abilities, Weirdness & Mutations

You can breathe blasts of noxious fumes.
Your lurid green scales are hard (AC +7).
Your body does not fit into most forms of armour.
Your system is resistant to poisons.
You are cold-blooded and may be slowed by cold attacks.
You have large cloven feet.


Message History

The demonic crawler hits you.
Unknown command.
You barely miss the demonic crawler. You kick the demonic crawler.
The demonic crawler is severely wounded.
A sixfirhy comes into view.
As you read the scroll of teleportation, it crumbles to dust.
You feel strangely unstable.
You feel the power of the Abyss delaying your translocation!
The demonic crawler hits you!
The demonic crawler hits you but does no damage.
The demonic crawler hits you! The demonic crawler closely misses you.
The demonic crawler barely misses you. The demonic crawler misses you.
You feel sick. The demonic crawler hits you. The demonic crawler hits you.
* * * LOW HITPOINT WARNING * * *
The demonic crawler hits you!
* * * LOW HITPOINT WARNING * * *
The cacodemon gestures at you. The bolt of energy hits you!
You die...
Xom bursts into laughter!

##....#
#.....#######
#..........#
#..........#### .
#..........' ...
#......... # . ###
#.$4.2.....#... .
#.s....... #. ..
#@.........# # ..
................. .
. .%...............
. .
############.#####.
.. ... ... . .....
.. ... ..... .. ..
..... . ..#


You could see a cacodemon, a demonic crawler and a sixfirhy.

Vanquished Creatures
  Pikel (D:6)
  Joseph (D:7)
  A smoke demon (Abyss:1)
  Grinder (D:4)
  A wyvern (D:4)
  A chaos spawn (Abyss:1)
  An orc warrior (D:8)
  2 phantoms (D:6)
  A black bear (D:5)
  A sky beast (D:6)
  4 slaves (D:6)
  4 centaurs
  3 ogres
  A big kobold (D:7)
  A giant frog (D:7)
  2 scorpions
  A killer bee (D:2)
  2 crimson imps (D:7)
  Ijyb (D:3)
  2 jellies
  An orc priest (D:3)
  A centaur skeleton (D:8)
  4 hounds
  Terence (D:3)
  4 orc wizards
  8 worker ants
  4 iguanas
  Robin (D:3)
  A gnoll (D:6)
  A worker ant zombie (D:8)
  A river rat (D:7)
  15 adders
  A shadow imp (D:7)
  An ufetubus (Abyss:1)
  2 oozes
  An adder skeleton (D:5)
  3 worms
  A giant gecko (D:3)
  20 orcs
  5 giant cockroaches
  20 goblins
  17 hobgoblins
  A jackal (shapeshifter) (D:3)
  16 jackals
  8 quokkas
  12 bats
  10 giant newts
  8 kobolds
  A quokka skeleton (D:5)
  4 rats
205 creatures vanquished.

Vanquished Creatures (collateral kills)
  2 orcs (D:8)
  4 goblins
6 creatures vanquished.

Grand Total: 211 creatures vanquished

Notes
Turn   | Place    | Note
--------------------------------------------------------------
     0 | D:1      | manyhoops the Draconian Chaos Knight began the quest for the Orb.
     0 | D:1      | Reached XP level 1. HP: 19/19 MP: 1/1
     6 | D:1      | Noticed an iguana
     6 | D:1      | Noticed a lindwurm
     6 | D:1      | Noticed a redback
     7 | D:1      | Noticed a black bear
     7 | D:1      | Noticed a wolf
   262 | D:1      | Reached XP level 2. HP: 10/27 MP: 2/2
   513 | D:1      | XOM: harmless Ice miscast
   557 | D:1      | XOM: mild Chrm miscast
  1014 | D:2      | XOM: mild Tloc miscast
  1015 | D:2      | Noticed a spatial vortex
  1039 | D:2      | XOM: mild Conj miscast
  1057 | D:2      | Reached skill level 4 in Fighting
  1069 | D:2      | XOM: colour smoke trail
  1143 | D:2      | Reached XP level 3. HP: 2/33 MP: 3/3
  1313 | D:2      | XOM: mild Erth miscast
  1403 | D:2      | XOM: silly message
  1824 | D:2      | XOM: potion effect (haste)
  1825 | D:2      | Reached XP level 4. HP: 25/40 MP: 4/4
  1838 | D:2      | XOM: harmless Air miscast
  1872 | D:2      | XOM: divination: detect creatures
  2027 | D:2      | XOM: silly message
  2193 | D:3      | Reached XP level 5. HP: 44/47 MP: 5/5
  2246 | D:3      | Reached skill level 5 in Polearms
  2302 | D:3      | Noticed Terence
  2326 | D:3      | Killed Terence
  2371 | D:3      | Noticed Robin
  2373 | D:3      | Noticed Ijyb
  2374 | D:3      | XOM: confuse monster(s)
  2409 | D:3      | Killed Ijyb
  2425 | D:3      | Reached skill level 5 in Fighting
  2431 | D:3      | Killed Robin
  2434 | D:3      | XOM: divination: magic mapping
  2445 | D:3      | Reached XP level 6. HP: 14/56 MP: 6/6
  3117 | D:3      | Reached skill level 6 in Polearms
  3259 | D:3      | XOM: medium Tloc miscast
  3361 | D:4      | XOM: divination: detect items
  3407 | D:4      | XOM: divination: magic mapping
  3530 | D:4      | Noticed Grinder
  3558 | D:4      | XOM: potion effect (heal wounds)
  3579 | D:4      | Killed Grinder
  3579 | D:4      | Reached skill level 7 in Polearms
  3579 | D:4      | Your scales start taking on a lurid green colour.
  3579 | D:4      | Gained mutation: Your system is resistant to poisons. [Green Draconian growth]
  3579 | D:4      | Reached XP level 7. HP: 27/62 MP: 7/7
  3712 | D:4      | XOM: harmless Conj miscast
  3725 | D:4      | XOM: mild Trmt miscast
  3754 | D:4      | XOM: noise
  3759 | D:4      | XOM: harmless Conj miscast
  3784 | D:4      | Noticed a wyvern
  3784 | D:4      | a scorpion changed into a wyvern
  3784 | D:4      | XOM: polymorph scorpion -> wyvern
  3796 | D:4      | Killed a wyvern
  3796 | D:4      | Reached skill level 8 in Polearms
  3949 | D:4      | Found a staircase to the Ecumenical Temple.
  3997 | D:4      | Noticed Eustachio
  4017 | D:4      | Noticed Eustachio
  4017 | D:4      | Eustachio changed into Eustachio the worker ant
  4017 | D:4      | XOM: polymorph Eustachio -> Eustachio the worker ant
  4021 | D:4      | Killed Eustachio the worker ant
  4161 | D:5      | Entered Level 5 of the Dungeon
  4166 | D:5      | XOM: enchant monster (bad)
  4175 | D:4      | Reached XP level 8. HP: 53/71 MP: 8/8
  4385 | D:5      | XOM: harmless Air miscast
  4440 | D:5      | Found a shimmering altar of Xom.
  4440 | D:5      | XOM: 3-stop teleportation journey
  4512 | D:5      | XOM: mild Tloc miscast
  4513 | D:5      | XOM: noise
  4519 | D:5      | XOM: mild Trmt miscast
  4579 | D:5      | XOM: colour smoke trail
  4582 | D:5      | XOM: silly message
  4757 | D:5      | XOM: noise
  4774 | D:5      | Found Cyesue's Antique Armour Shop.
  4907 | D:5      | Noticed grippy's ghost (novice MfCK)
  4927 | D:5      | XOM: medium Fire miscast
  4932 | D:5      | XOM: enchant monster (good)
  5285 | D:5      | Reached skill level 9 in Polearms
  5330 | D:5      | XOM: give mutations
  5330 | D:5      | Gained mutation: Your body sometimes deteriorates upon taking damage. [Xom's mischief]
  5330 | D:5      | Gained mutation: Your spells are a little harder to cast, but a little more powerful. [Xom's mischief]
  5330 | D:5      | Lost mutation: Your spells are a little harder to cast, but a little more powerful. [Xom's mischief]
  5330 | D:5      | Gained mutation: Your body often deteriorates upon taking damage. [Xom's mischief]
  5381 | D:5      | XOM: silly message
  5382 | D:5      | XOM: divination: detect creatures
  5399 | D:5      | Lost mutation: Your body often deteriorates upon taking damage. [potion of cure mutation]
  5399 | D:5      | Lost mutation: Your body sometimes deteriorates upon taking damage. [potion of cure mutation]
  5472 | D:6      | XOM: summons friendly ufetubus
  5583 | D:6      | XOM: polymorph ufetubus -> shadow imp
  5709 | D:6      | Found a deep blue altar of Sif Muna.
  5711 | D:6      | Found a bloodstained altar of Trog.
  5713 | D:6      | Found a sacrificial altar of Ru.
  5715 | D:6      | Found a sparkling altar of Nemelex Xobeh.
  5716 | D:6      | Found a stormy altar of Qazlal.
  5856 | D:6      | XOM: cast spell 'Ice Form'
  5870 | D:6      | XOM: mild Pois miscast
  5873 | D:6      | XOM: polymorph adder -> gnoll
  6120 | D:6      | Noticed Pikel
  6128 | D:6      | XOM: destruction
  6160 | D:6      | Killed Pikel
  6160 | D:6      | Reached skill level 10 in Polearms
  6160 | D:6      | Reached XP level 9. HP: 60/81 MP: 9/9
  6272 | D:6      | Found a shimmering altar of Xom.
  6700 | D:7      | XOM: scenery: create altars
  6759 | D:7      | Found a glowing silver altar of Zin.
  6848 | D:7      | Found a white marble altar of Elyvilon.
  6848 | D:7      | Found an iron altar of Okawaru.
  6848 | D:7      | Noticed Joseph
  6861 | D:7      | Killed Joseph
  6861 | D:7      | Reached skill level 11 in Polearms
  6861 | D:7      | Reached skill level 1 in Unarmed Combat
  6943 | D:7      | XOM: scenery: create altars
  7103 | D:7      | Found a blossoming altar of Fedhas.
  7105 | D:7      | Found an ancient bone altar of Kikubaaqudgha.
  7150 | D:7      | XOM: divination: detect creatures
  7389 | D:8      | XOM: potion effect (agility)
  7397 | D:8      | Noticed Erolcha
  7407 | D:8      | XOM: give mutation
  7407 | D:8      | Gained mutation: You have large cloven feet. [Xom's grace]
  7412 | D:8      | Noticed Erolcha
  7412 | D:8      | Erolcha changed into Erolcha the human
  7412 | D:8      | XOM: polymorph Erolcha -> Erolcha the human
  7418 | D:8      | Cast into the Abyss (Erolcha)
  7469 | Abyss:1  | Noticed a smoke demon
  7472 | Abyss:1  | XOM: potion effect (might)
  7483 | Abyss:1  | Killed a smoke demon
  7483 | Abyss:1  | Reached skill level 12 in Polearms
  7495 | Abyss:1  | XOM: cast spell 'Excruciating Wounds'
  7502 | Abyss:1  | Reached XP level 10. HP: 80/91 MP: 7/10
  7521 | Abyss:1  | XOM: god gift: 26 gold pieces
  7523 | Abyss:1  | Noticed a cacodemon
  7527 | Abyss:1  | Noticed a sixfirhy
  7529 | Abyss:1  | Blown up by a cacodemon

Action                   |  1- 3 |  4- 6 |  7- 9 | 10-12 || total
-------------------------+-------+-------+-------+-------++-------
Melee: Spear             |   178 |   248 |   368 |     8 ||   802
       Unarmed           |       |       |    17 |       ||    17
 Abil: Breathe Noxious F |       |       |     9 |       ||     9
  Use: Scroll            |     7 |     2 |     8 |     1 ||    18
       Potion            |       |     4 |     6 |       ||    10
 Stab: Sleeping          |     4 |     1 |     1 |       ||     6
       Confused          |     1 |     1 |     5 |       ||     7
       Paralysed         |       |     6 |    10 |       ||    16
       Petrifying        |       |     1 |     4 |       ||     5
  Eat: Chunk             |     1 |     3 |     2 |       ||     6
       Bread ration      |       |     1 |     3 |       ||     4
